 Dungeon Crawl Stone Soup version 0.23.2-40-g277498a001 (webtiles) character file.

Game seed: 14839644759514304160

3472 MisterOstroum the Fighter (level 10, -2/66 HPs)
             Began as a Gargoyle Berserker on Sept 13, 2019.
             Was an Elder of Trog.
             Slain by a two-headed ogre
             ... wielding a cursed +0 giant club
              (15 damage)
             ... on level 8 of the Dungeon.
             The game lasted 00:12:38 (6791 turns).

MisterOstroum the Fighter (Gargoyle Berserker)      Turns: 6791, Time: 00:12:38

Health: -2/66      AC: 23    Str: 25    XL:     10   Next: 6%
Magic:  13/13      EV:  7    Int:  7    God:    Trog [****..]
Gold:   380        SH:  4    Dex:  9    Spells: 9/9 levels left

rFire    . . .     SeeInvis .   a - +1 whip (freeze)
rCold    . . .     Gourm    .   n - +0 buckler
rNeg     + . .     Faith    .   K - +0 plate armour
rPois    ∞         Spirit   .   z - +0 helmet
rElec    +         Reflect  .   m - +1 cloak
rCorr    .         Harm     .   (no gloves)
MR       ++...                  P - +0 pair of boots
Stlth    ..........             C - amulet of the acrobat
HPRegen  1.21/turn              (no ring)
MPRegen  0.13/turn              w - ring of stealth

@: regenerating
A: negative energy resistance 1, electricity resistance, unbreathing,
petrification resistance, rot immunity, AC +7
a: Berserk, Trog's Hand, Brothers in Arms, Renounce Religion


You were on level 8 of the Dungeon.
You worshipped Trog.
Trog was greatly pleased with you.
You were not hungry.

You visited 1 branch of the dungeon, and saw 8 of its levels.
You also visited: Ossuary.

You collected 390 gold pieces.
You spent 10 gold pieces at shops.

Inventory:

Hand Weapons
 a - a +1 whip of freezing (weapon)
 y - a +2 mace of protection
 O - a +2 flail of holy wrath
Missiles
 b - 9 tomahawks
 g - 186 stones (quivered)
 j - 15 tomahawks of returning
 G - 2 poisoned tomahawks
Armour
 m - a +1 cloak (worn)
 n - a +0 buckler (worn)
 u - a +0 shield
 z - a +0 helmet (worn)
 K - a +0 plate armour (worn)
 P - a +0 pair of boots (worn)
Jewellery
 c - an uncursed ring of magical power
 r - an uncursed ring of fire
 w - a ring of stealth (right hand)
 C - an amulet of the acrobat (around neck)
Wands
 t - a wand of enslavement (11)
 L - a wand of random effects (19)
 M - a wand of disintegration (5)
Scrolls
 d - 3 scrolls of remove curse {@r2}
 k - 2 scrolls of identify
 o - a scroll of blinking {@r4}
 s - 3 scrolls of enchant armour
 v - 2 scrolls of enchant weapon
 A - a scroll of random uselessness {unknown}
 F - a scroll of teleportation {@r3 !r}
 I - 3 scrolls of immolation
 J - a scroll of amnesia {unknown}
Potions
 f - 4 potions of agility {@q5 !q}
 h - 5 potions of curing {@q1 !q}
 i - 2 potions of berserk rage
 l - 3 potions of heal wounds {unknown}
 p - 2 potions of haste {unknown}
 q - 2 potions of mutation {unknown}
 x - 4 potions of flight {unknown}
 B - 3 potions of might {unknown}
 D - a potion of invisibility {unknown}
 E - 2 potions of ambrosia {unknown}
 H - 2 potions of cancellation {unknown}
 N - a potion of lignification {unknown}
Comestibles
 e - 19 rations


   Skills:
 + Level 9.5 Fighting
 + Level 9.0 Maces & Flails
 - Level 4.4 Armour
 - Level 1.5 Dodging
 - Level 4.0 Shields
 + Level 4.8 Evocations


You had 9 spell levels left.
You didn't know any spells.
Your spell library contained the following spells:

 Spells                   Type           Power        Failure   Level  Hunger
 Shock                    Conj/Air       #...         100%        1    ##.....
 Swiftness                Chrm/Air       #.......     100%        2    ###....
 Static Discharge         Conj/Air       #.......     100%        3    ####...
 Airstrike                Air            #.........   100%        4    #####..
 Lightning Bolt           Conj/Air       #.........   100%        5    ######.


Dungeon Overview and Level Annotations

Branches:
Dungeon (8/15)             Temple (0/1) D:6
   Lair: D:8-11

Altars:
Fedhas

Shops:
D:6 !


Innate Abilities, Weirdness & Mutations

You are resistant to torment.
Your stone body is resilient. (AC +7)
You are immune to poison.
You resist negative energy. (rN+)
You are resistant to electric shocks. (rElec)
You can survive without breathing.
You are immune to petrification.
You are immune to rotting.


Message History

No target in view!
No target in view!
No target in view!
No target in view!
No target in view!
No target in view!
No target in view!
No target in view!
No target in view!
No target in view!
You are near starving!
There is an open door here.
There is a gate leading back out of this place here.
You open the door.
There is an open door here.
l - 3 lumpy green potions (gained 1)
p - 2 blue potions (gained 1)
e - 20 rations (gained 1)
B - 3 fuming brown potions (gained 2)
x - 3 viscous sapphire potions (gained 1)
J - a scroll labeled UNYZOA VOZESS You now have 380 gold pieces (gained 19).
x - 4 viscous sapphire potions (gained 1)
E - 2 viscous golden potions (gained 1)
N - a ruby potion
I - 3 scrolls of immolation (gained 1) Done exploring.
You see here a potion of degeneration.
There is an open door here.
There is a gate leading back out of this place here.
Welcome back to the Dungeon!
A two-headed ogre comes into view. It is wielding two +0 giant clubs.
The two-headed ogre shouts in stereo!
There is a collapsed entrance here.
There are monsters nearby!
You closely miss the orc. The orc hits you but does no damage.
You closely miss the orc. You barely miss the orc. The orc barely misses you.
Okay, then.
You hit the two-headed ogre. You freeze the two-headed ogre.
The two-headed ogre is lightly wounded.
The orc hits you with a +0 falchion.
You hit the two-headed ogre. You freeze the two-headed ogre.
The two-headed ogre is lightly wounded.
You block the two-headed ogre's attack. The two-headed ogre closely misses you.
You whack the two-headed ogre! You freeze the two-headed ogre.
The two-headed ogre is heavily wounded.
The orc barely misses you.
You completely miss the two-headed ogre.
The two-headed ogre is heavily wounded.
The two-headed ogre hits you with a cursed +0 giant club!
The two-headed ogre barely misses you.
You hit the two-headed ogre. You freeze the two-headed ogre.
The two-headed ogre is heavily wounded.
The orc hits you but does no damage.
You barely miss the two-headed ogre.
The two-headed ogre is heavily wounded.
The two-headed ogre hits you with a cursed +0 giant club!
The two-headed ogre barely misses you.
You are too injured to fight recklessly!
You are too injured to fight recklessly!
You are too injured to fight recklessly!
You are too injured to fight recklessly!
You hit the two-headed ogre. You freeze the two-headed ogre.
The two-headed ogre is heavily wounded.
The orc barely misses you.
You whack the two-headed ogre! You freeze the two-headed ogre.
The two-headed ogre is severely wounded.
The two-headed ogre hits you with a cursed +0 giant club!
The two-headed ogre hits you with a +0 giant club!
You hit the two-headed ogre. You freeze the two-headed ogre.
The two-headed ogre is severely wounded.
You whack the two-headed ogre! You freeze the two-headed ogre.
The two-headed ogre is almost dead.
You block the two-headed ogre's attack.
The two-headed ogre hits you but does no damage.
You hit the two-headed ogre but do no damage.
The two-headed ogre is almost dead.
You hit the two-headed ogre. You freeze the two-headed ogre.
The two-headed ogre is almost dead.
You block the two-headed ogre's attack.
The two-headed ogre hits you but does no damage.
You completely miss the two-headed ogre.
The two-headed ogre is almost dead.
You hit the two-headed ogre. You freeze the two-headed ogre.
The two-headed ogre is almost dead.
The two-headed ogre hits you but does no damage.
The two-headed ogre hits you with a +0 giant club!
* * * LOW HITPOINT WARNING * * *
A wyvern comes into view.
The wyvern hisses angrily.
You eat one of the 20 rations.
That ration really hit the spot!
You block the wyvern's attack. The wyvern barely misses you.
Your skin crawls.
You feel resistant to hostile enchantments.
You feel somewhat more hungry. The wyvern bites you!
* * * LOW HITPOINT WARNING * * *
The two-headed ogre barely misses you.
The two-headed ogre hits you with a +0 giant club!
You die...

## .#..## .# #. .# ###.
.## .... ## ..## #..
... #..# #.# ..##
##.#####.# .....
#[......# #######......
#.......###...#@l......
#.............O.#######
##.....>.....#.###
.........#####.#
)<.......# ###
...####### ...# ....#
.##.#


You could see a two-headed ogre and a wyvern.

Vanquished Creatures
  Pikel (D:7)
  3 hogs (D:7)
  A human (D:7)
  A yak (D:7)
  2 wargs (D:8)
  Duvessa (D:5)
  A sky beast (D:8)
  2 orc warriors
  A black bear (D:7)
  An ice beast (D:6)
  2 phantoms
  A slave (D:6)
  An ogre (D:8)
  A centaur (D:6)
  2 wyvern zombies
  3 water moccasin zombies (Ossuary)
  Dowan (D:5)
  2 scorpions
  A crimson imp (D:6)
  A centaur zombie (D:3)
  An orc wizard (D:5)
  2 orc priests
  2 centaur skeletons
  2 hounds (D:4)
  8 worker ants
  2 big kobold zombies (Ossuary)
  2 mummies (Ossuary)
  6 adders
  4 oozes
  2 adder skeletons
  3 adder zombies (Ossuary)
  4 worms
  4 dart slugs
  2 leopard geckos
  27 orcs
  A ball python (D:4)
  12 goblins
  6 hobgoblins
  7 jackals
  3 kobolds
  A quokka (D:5)
  4 bats
  5 frilled lizards
  3 hobgoblin zombies (Ossuary)
  A kobold zombie (Ossuary)
  4 orc zombies (Ossuary)
  A quokka skeleton (D:4)
  7 rats
155 creatures vanquished.

Vanquished Creatures (others)
  An orc warrior (D:7)
  A crocodile (D:7)
2 creatures vanquished.

Grand Total: 157 creatures vanquished

Notes
Turn   | Place    | Note
-------+----------+-------------------------------------------
     0 | D:1      | MisterOstroum the Gargoyle Berserker began the quest for
                  | the Orb.
     0 | D:1      | Reached XP level 1. HP: 14/14 MP: 1/1
    34 | D:1      | Reached XP level 2. HP: 19/19 MP: 2/2
   878 | D:2      | Reached XP level 3. HP: 24/24 MP: 3/3
  1321 | D:2      | Reached XP level 4. HP: 30/30 MP: 4/4
  1590 | D:3      | Reached ** piety under Trog
  1739 | D:3      | Reached skill level 5 in Fighting
  1739 | D:3      | Reached XP level 5. HP: 32/35 MP: 5/5
  1961 | D:3      | You fall through a shaft!
  1969 | D:4      | Reached skill level 5 in Maces & Flails
  2030 | D:4      | Reached XP level 6. HP: 40/40 MP: 6/6
  2206 | D:4      | Reached skill level 1 in Shields
  2260 | D:4      | Reached skill level 1 in Evocations
  2370 | D:4      | Noticed a phantom
  2378 | D:4      | Killed a phantom
  2378 | D:4      | Reached XP level 7. HP: 44/44 MP: 8/8
  2974 | D:5      | Entered Level 5 of the Dungeon
  3186 | D:5      | Reached *** piety under Trog
  3266 | D:5      | Noticed Duvessa
  3281 | D:5      | Noticed Dowan
  3404 | D:5      | Killed Duvessa
  3436 | D:5      | Killed Dowan
  3958 | D:5      | Got a warped ring mail
  3969 | D:5      | Identified the +1 ring mail of Hiumuka {rN+ Regen+ Str-2}
                  | (You found it on level 5 of the Dungeon)
  4169 | D:6      | Reached XP level 8. HP: 52/52 MP: 10/10
  4401 | D:6      | Found Umuticue's Distillery.
  4411 | D:6      | Bought a potion of degeneration for 10 gold pieces
  4735 | D:6      | Found a blossoming altar of Fedhas.
  4823 | D:6      | Found a staircase to the Ecumenical Temple.
  5254 | D:7      | Noticed Pikel
  5359 | D:7      | Killed Pikel
  5359 | D:7      | Reached XP level 9. HP: 60/60 MP: 11/11
  6190 | D:8      | Found a sand-covered staircase.
  6203 | D:8      | Reached **** piety under Trog
  6290 | Ossuary  | Entered an ossuary
  6508 | Ossuary  | Reached XP level 10. HP: 66/66 MP: 13/13
  6744 | D:8      | Noticed a two-headed ogre
  6791 | D:8      | Slain by a two-headed ogre

Skill      XL: |  1  2  3  4  5  6  7  8  9 10 |
---------------+-------------------------------+-----
Fighting       | 4 5 6 8 9 |  9.5
Maces & Flails | 4 5 6 8 9 |  9.0
Shields        | 2 3 4 |  4.0
Evocations     | 1 3 4 |  4.8
Armour         | 4 |  4.4
Dodging        | |  1.5

Action                   |  1- 3 |  4- 6 |  7- 9 | 10-12 || total
-------------------------+-------+-------+-------+-------++-------
Melee: Mace              |    89 |   128 |   245 |       ||   462
       Whip              |       |       |   168 |   117 ||   285
Throw: Stone             |     1 |       |     4 |       ||     5
Invok: Berserk           |     3 |     3 |    10 |       ||    16
       Trog's Hand       |       |       |       |     1 ||     1
  Use: Scroll            |     4 |       |     6 |       ||    10
       Potion            |       |       |     1 |       ||     1
 Stab: Sleeping          |       |       |     1 |       ||     1
  Eat: Chunk             |     3 |     6 |    16 |       ||    25
       Ration            |       |       |     2 |     1 ||     3
Armor: Animal skin       |    19 |       |       |       ||    19
       Chain mail        |    24 |    81 |    76 |       ||   181
       Ring mail         |       |       |    84 |       ||    84
       Plate armour      |       |       |    78 |    44 ||   122
Dodge: Dodged            |    48 |    52 |   164 |    28 ||   292
Block: Buckler           |     5 |    12 |    70 |    15 ||   102
